 Dungeon Crawl Stone Soup version 0.24.1-14-gf8d2b509d9 (webtiles) character file.

Game seed: 11756295055451018765, levelgen mode: deterministic

77 MenacingMecha the Magician (level 4, -1/24 HPs)
             Began as a Deep Elf Fire Elementalist on May 23, 2020.
             Was an Initiate of Vehumet.
             Slain by an orc priest
             ... wielding a +0 dagger
              (2 damage)
             ... on level 3 of the Dungeon.
             The game lasted 00:05:21 (2420 turns).

MenacingMecha the Magician (DEFE)                   Turns: 2420, Time: 00:05:22

Health: -1/24      AC:  2    Str:  5    XL:     4   Next: 14%
Magic:  8/12       EV: 13    Int: 21    God:    Vehumet [......]
Gold:   92         SH:  0    Dex: 15    Spells: 1/11 levels left

rFire    . . .     SeeInvis .   a - +1 mace (protect)
rCold    . . .     Gourm    .   (no shield)
rNeg     . . .     Faith    .   o - +0 robe
rPois    .         Spirit   .   (no helmet)
rElec    .         Reflect  .   (no cloak)
rCorr    .         Harm     .   (no gloves)
MR       .....                  (no boots)
Stlth    ++........             (no amulet)
HPRegen  0.08/turn              (no ring)
MPRegen  0.13/turn              (no ring)

@: no status effects
A: no striking features
a: Renounce Religion


You were on level 3 of the Dungeon.
You worshipped Vehumet.
Vehumet was noncommittal.
You were not hungry.

You visited 1 branch of the dungeon, and saw 3 of its levels.

You collected 92 gold pieces.

Inventory:

Hand Weapons
 a - a +1 mace of protection (weapon)
 b - a +0 hunting sling
Missiles
 e - 44 stones (quivered)
 f - 34 sling bullets
Armour
 o - a +0 robe (worn)
Scrolls
 h - 2 scrolls of identify {unknown}
 i - a scroll of fog {unknown}
 j - a scroll of enchant armour {unknown}
 k - a scroll of random uselessness {unknown}
 n - 2 scrolls of teleportation {unknown}
 p - a scroll of magic mapping {unknown}
 q - a scroll of immolation {unknown}
Potions
 g - a potion of might
 m - a potion of resistance {unknown}
 r - a potion of berserk rage {unknown}
Comestibles
 c - 5 rations
 d - 4 chunks of flesh


   Skills:
 + Level 3.2 Dodging
 - Level 2.4 Stealth
 * Level 4.4 Spellcasting
 + Level 2.1 Conjurations
 + Level 3.8 Fire Magic


You had one spell level left.
You knew the following spells:

 Your Spells              Type           Power        Failure   Level  Hunger
a - Flame Tongue          Conj/Fire      ###..        3%          1    None
b - Throw Flame           Conj/Fire      ###...       4%          2    #......
c - Conjure Flame         Conj/Fire      ###.....     10%         3    ##.....
d - Sticky Flame          Conj/Fire      ###.....     32%         4    ####...

Your spell library contained the following spells:

 Spells                   Type           Power        Failure   Level  Hunger
 Inner Flame              Hex/Fire       ##......     16%         3    ##.....
 Fireball                 Conj/Fire      ###.......   67%         5    ######.


Dungeon Overview and Level Annotations

Branches:
Dungeon (3/15)

Altars:
Nemelex Xobeh
Ru
Vehumet


Message History

Ouch! That really hurt!
* * * LOW HITPOINT WARNING * * *
Casting: Flame Tongue (safe; 3% risk of failure)
Confirm with . or Enter, or press ? or * to list all spells.
Aiming: Flame Tongue (safe; 3% risk of failure)
Press: ? - help, Shift-Dir - straight line, f/p - orc priest
Aim: an orc priest, wielding a +0 dagger (heavily wounded)
The flame tongue hits the orc priest.
The orc priest is severely wounded.
The orc priest hits you with a +0 dagger.
* * * LOW HITPOINT WARNING * * *
Casting: Flame Tongue (safe; 3% risk of failure)
Confirm with . or Enter, or press ? or * to list all spells.
Aiming: Flame Tongue (safe; 3% risk of failure)
Press: ? - help, Shift-Dir - straight line, f/p - orc priest
Aim: an orc priest, wielding a +0 dagger (severely wounded)
The flame tongue hits the orc priest.
The orc priest is severely wounded.
The orc priest hits you with a +0 dagger.
You die...

##### ....# ...#
...# ##..# ####
#...#
#################...
#...#
#.o@.)..........>.##
#...#
#.############÷..##
#.....#.#####.##
##..##
#.....#......÷.##
#).8#
###..g#..##.....#
#..##
_....##........#
#..# #...[.
####.....# ###..##
#+≈≈≈..#####o...#
### #....8#
...≈...........#
.......#..##


You could see an orc priest.

Vanquished Creatures
  3 adders
  An ooze (D:1)
  A worm (D:2)
  A dart slug (D:2)
  2 leopard geckos
  An orc (D:3)
  2 bats (D:1)
  A giant cockroach (D:2)
  6 goblins
  4 hobgoblins
  4 jackals (D:2)
  2 kobolds (D:1)
  A ball python (D:2)
  4 frilled lizards
  4 rats
37 creatures vanquished.

Notes
Turn   | Place    | Note
-------+----------+-------------------------------------------
     0 | D:1      | MenacingMecha the Deep Elf Fire Elementalist began the
                  | quest for the Orb.
     0 | D:1      | Reached XP level 1. HP: 10/10 MP: 6/6
   253 | D:1      | Reached XP level 2. HP: 15/15 MP: 5/8
   590 | D:1      | Learned a level 2 spell: Throw Flame
   702 | D:1      | Found a sparkling altar of Nemelex Xobeh.
  1357 | D:2      | Found a radiant altar of Vehumet.
  1377 | D:2      | Became a worshipper of Vehumet
  1388 | D:2      | Reached XP level 3. HP: 19/19 MP: 8/10
  1394 | D:2      | Learned a level 3 spell: Conjure Flame
  1694 | D:2      | Reached skill level 4 in Spellcasting
  2054 | D:3      | Found a sacrificial altar of Ru.
  2294 | D:3      | Reached XP level 4. HP: 24/24 MP: 8/12
  2412 | D:3      | Learned a level 4 spell: Sticky Flame
  2419 | D:3      | HP: 1/24 [orc priest/+0 dagger (6)]
  2420 | D:3      | Slain by an orc priest

Levels and vault maps discovered:
D:1:      ncdulo_halloftheorcs, layout_basic, nemelex_xobeh_ov_fountains_minmay
D:2:      layout_loops_cross, lemuel_round_altar
D:3:      layout_loops_ring, hangedman_ru_absence, first_ration,
          chequers_hall_statues_wall_a

Skill      XL: |  1  2  3 |
---------------+----------+-----
Dodging        | 3 |  3.2
Spellcasting   | 4 |  4.4
Conjurations   | 2 |  2.1
Stealth        | |  2.4
Fire Magic     | |  3.8

Action                   |  1- 3 |  4- 6 || total
-------------------------+-------+-------++-------
Melee: Mace              |     2 |     3 ||     5
 Cast: Flame Tongue      |    48 |     8 ||    56
       Throw Flame       |    10 |       ||    10
       Conjure Flame     |     1 |       ||     1
  Use: Potion            |     4 |       ||     4
  Eat: Chunk             |     4 |     1 ||     5
Armor: Robe              |     2 |       ||     2
Dodge: Dodged            |     9 |     3 ||    12
